AoeStats
← HundredEyes

Black Forest

510369059Analyzed
3v3 RM · 11h ago on Sep 30, 2026· 65m 52s· 6 players
Game mode
Random Map
Map size
Normal (6 player)
Population
200
Speed
Normal
Resources
Standard
Victory
Conquest
Starting age
Dark Age
Ending age
Imperial Age
RankedLock teamsTeams togetherTeam positionsShared explorationLock speedFull tech treeHidden civsTurbo modeCheats
Victory
Defeat
🇨🇳 Bulgarians · China
829
+14
🇬🇧 Persians · United Kingdom
824
+14
🇪🇪 Burgundians · Estonia
820
+14
🇪🇸 Mongols · Spain
789
-14
🇺🇸 Byzantines · United States
778
-14
🇷🇺 Bohemians · Russia
772
-14
HundredEyes
0:30 Loom
13:40 Feudal Age
19:09 Castle Age
18:39 Double-Bit Axe
18:38 Horse Collar
18:59 Stone Mining
18:59 Gold Mining
23:22 Bow Saw
24:16 Heavy Plow
29:50 Stone Shaft Mining
29:50 Gold Shaft Mining
33:27 Imperial Age
31:14 Town Watch
32:08 Wheelbarrow
34:38 Hand Cart
34:28 Town Patrol
34:22 Fletching
34:32 Padded Archer Armor
34:40 Scale Barding Armor
35:05 Conscription
40:11 Bloodlines
40:01 Husbandry
39:22 Light Cavalry
39:59 Bodkin Arrow
40:19 Leather Archer Armor
40:26 Chain Barding Armor
40:18 Forging
39:34 Elite Mangudai
41:38 Bracer
41:19 Hussar
44:50 Caravan
45:17 Ballistics
45:58 Chemistry
45:09 Masonry
45:04 Siege Engineers
45:11 Fortified Wall
44:57 Murder Holes
48:54 Iron Casting
P1stoletov228
11:47 Feudal Age
10:03 Loom
13:25 Wheelbarrow
12:34 Horse Collar
12:43 Double-Bit Axe
14:11 Gold Mining
14:12 Stone Mining
18:44 Castle Age
19:54 Caravan
24:30 Bow Saw
25:50 Hand Cart
25:51 Heavy Plow
26:56 Scale Barding Armor
27:45 Gold Shaft Mining
28:51 Chain Barding Armor
32:48 Imperial Age
31:21 Husbandry
35:15 Two-Man Saw
34:48 Crop Rotation
35:23 Logistica
35:52 Onager
38:22 Stone Shaft Mining
38:26 Plate Barding Armor
38:25 Conscription
38:50 Elite Cataphract
41:09 Chemistry
40:30 Ballistics
44:24 Fletching
44:35 Padded Archer Armor
44:05 Elite Skirmisher
44:50 Thumb Ring
49:23 Leather Archer Armor
49:03 Bodkin Arrow
50:42 Ring Archer Armor
52:48 Bracer
53:41 Squires
53:02 Pikeman
53:28 Gambesons
53:04 Man-at-Arms
55:31 Halberdier
57:46 Elite Varangian Guard
59:21 Elite Varangian Guard
Kulesh2732
11:07 Feudal Age
13:13 Double-Bit Axe
15:41 Horse Collar
16:31 Forging
21:54 Castle Age
21:00 Scale Mail Armor
21:02 Padded Archer Armor
20:57 Fletching
23:15 Wheelbarrow
25:43 Bow Saw
28:24 Ballistics
29:07 Chemistry
29:46 Heavy Plow
30:02 Wagenburg Tactics
34:49 Imperial Age
33:27 Loom
35:00 Elite Hussite Wagon
36:01 Conscription
41:13 Two-Man Saw
40:02 Houfnice
57:03 Iron Casting
56:44 Chain Mail Armor
56:36 Scale Barding Armor
56:44 Masonry
56:44 Siege Engineers
56:36 Murder Holes
56:34 Arrowslits
63:24 Pikeman
Gurman8777
0:27 Loom
13:50 Feudal Age
15:39 Gold Mining
15:38 Double-Bit Axe
15:36 Horse Collar
23:47 Castle Age
23:46 Wheelbarrow
24:59 Bow Saw
25:27 Heavy Plow
36:03 Imperial Age
35:06 Caravan
35:36 Stone Mining
36:58 Crop Rotation
37:32 Two-Man Saw
36:43 Scale Barding Armor
36:38 Scale Mail Armor
36:39 Padded Archer Armor
36:29 Fletching
36:49 Forging
37:43 Chemistry
37:31 Stone Shaft Mining
37:31 Gold Shaft Mining
36:41 Pikeman
37:38 Halberdier
39:27 Onager
42:46 Chain Barding Armor
42:42 Chain Mail Armor
57:33 Plate Barding Armor
57:28 Plate Mail Armor
57:14 Leather Archer Armor
58:56 Elite War Elephant
世锦赛冠军
0:31 Loom
11:30 Feudal Age
12:02 Double-Bit Axe
18:17 Castle Age
20:18 Bow Saw
20:49 Horse Collar
22:01 Wheelbarrow
31:38 Imperial Age
30:46 Scale Barding Armor
30:42 Scale Mail Armor
30:52 Forging
30:37 Gold Mining
30:39 Stone Mining
31:17 Hand Cart
31:10 Heavy Plow
31:44 Light Cavalry
32:35 Bloodlines
32:25 Husbandry
32:49 Conscription
32:25 Stirrups
32:46 Hussar
35:40 Gold Shaft Mining
35:47 Elite Konnik
36:31 Bagains
35:58 Elite Konnik
37:01 Chain Barding Armor
36:56 Chain Mail Armor
37:17 Iron Casting
37:24 Crop Rotation
38:36 Stone Shaft Mining
38:48 Coinage
38:19 Caravan
39:59 Banking
39:44 Squires
39:05 Pikeman
39:30 Gambesons
39:31 Arson
40:25 Plate Barding Armor
40:21 Plate Mail Armor
40:51 Blast Furnace
39:27 Onager
42:06 Siege Onager
Intensivist
0:51 Loom
5:46 Double-Bit Axe
9:03 Wheelbarrow
11:48 Feudal Age
11:29 Horse Collar
12:51 Hand Cart
12:52 Bow Saw
12:52 Gold Mining
19:26 Stone Mining
19:41 Heavy Plow
21:28 Stone Shaft Mining
23:54 Castle Age
22:02 Scale Mail Armor
22:40 Gold Shaft Mining
22:14 Town Watch
22:22 Fletching
24:08 Scale Barding Armor
24:14 Forging
25:45 Husbandry
26:20 Cavalier
32:00 Treadmill Crane
32:15 Murder Holes
34:00 Two-Man Saw
33:31 Bodkin Arrow
40:19 Imperial Age
40:19 Crop Rotation
40:41 Caravan
41:38 Conscription
40:41 Elite Coustillier
41:35 Town Patrol
42:40 Chemistry
41:50 Fortified Wall
41:53 Masonry
41:47 Bracer
41:47 Padded Archer Armor
42:03 Chain Mail Armor
42:09 Chain Barding Armor
43:11 Burgundian Vineyards
42:32 Man-at-Arms
43:13 Squires
44:06 Ballistics
44:05 Leather Archer Armor
44:26 Plate Barding Armor
44:27 Iron Casting
43:31 Long Swordsman
43:57 Arson
44:57 Two-Handed Swordsman
47:07 Hoardings
46:47 Champion
51:54 Architecture
54:00 Paladin
57:15 Plate Mail Armor
58:49 Elite Skirmisher
64:06 Bombard Tower
64:49 Blast Furnace
Connection lost

Rejoining the realm…

Still unreachable

The connection could not be restored.

Session expired

The server has moved on; the page needs a fresh start.